 Dungeon Crawl Stone Soup version 0.28-a0-1412-gf95308ed99 (webtiles) character file.

Game seed: 8858163483609755701

146 Adrian566 the Skirmisher (level 5, -3/37 HPs)
             Began as an Octopode Fighter on Jan 6, 2022.
             Slain by a two-headed ogre zombie (7 damage)
             ... animated by the malice of Kikubaaqudgha
             ... on level 2 of the Dungeon.
             The game lasted 00:04:19 (3160 turns).

Adrian566 the Skirmisher (Octopode Fighter)         Turns: 3160, Time: 00:04:20

Health: -3/37      AC:  1    Str: 17    XL:     5   Next: 28%
Magic:  14/14      EV: 13    Int: 14    God:
Gold:   64         SH:  4    Dex: 11    Spells: 3/4 levels left

rFire   . . .      SeeInvis .   a - +0 long sword
rCold   . . .      Faith    .   b - +0 buckler
rNeg    + . .      Spirit   .   (helmet restricted)
rPois   .          Reflect  .   (no amulet)
rElec   .          Harm     .   k - ring "Vemar" {rN+ MP+9 Int+3}
rCorr   .          Rampage  .   l - ring of wizardry
Will    .....                   (no ring)
Stlth   +++.......              (no ring)
HPRegen 0.12/turn               (no ring)
MPRegen 0.14/turn               (no ring)
                                (no ring)
                                (no ring)

@: no status effects
A: almost no armour, amphibious, 8 rings, camouflage 1, gelatinous body 1,
(nimble swimmer 1), tentacles
a: no special abilities


You were on level 2 of the Dungeon.
You visited 1 branch of the dungeon, and saw 3 of its levels.

You collected 64 gold pieces.

Inventory:

Hand Weapons
 a - a +0 long sword (weapon)
Armour
 b - a +0 buckler (worn)
Jewellery
 k - the ring "Vemar" (left tentacle) {rN+ MP+9 Int+3}
   (You found it on level 3 of the Dungeon)

   [ring of positive energy]

   Int:       It affects your intelligence (+3).
   rN:        It protects you from negative energy.
   MP:        It affects your magic capacity (+9).
 l - a ring of wizardry (right tentacle)
Scrolls
 d - a scroll of teleportation {unknown}
 e - a scroll of immolation
 f - 2 scrolls of identify
 g - a scroll of brand weapon {unknown}
 h - a scroll of enchant armour {unknown}
 i - a scroll of vulnerability {unknown}
 m - a scroll of silence {unknown}
Potions
 c - a potion of might
 j - a potion of ambrosia {unknown}


   Skills:
 + Level 3.9 Fighting
 + Level 3.7 Long Blades
 + Level 3.5 Dodging
 + Level 1.4 Stealth
 + Level 3.2 Shields
 + Level 0.1 Necromancy


You had 3 spell levels left.
You knew the following spells:

 Your Spells              Type           Power      Damage    Failure   Level
a - Pain                  Necr           0%         1d4       16%         1

Your spell library contained the following spells:

 Spells                   Type           Power      Damage    Failure   Level
 Animate Skeleton         Necr           0%         N/A       16%         1
 Sublimation of Blood     Necr           0%         N/A       22%         2
 Vampiric Draining        Necr           0%         2d6       38%         3


Dungeon Overview and Level Annotations

Branches:
Dungeon (3/15)

Altars:
Kikubaaqudgha

Shops:
D:3 [


Innate Abilities, Weirdness & Mutations

You cannot wear most types of armour.
You are amphibious.
You can wear up to eight rings at the same time.
Your skin changes colour to match your surroundings (Stealth+).
Your rubbery body absorbs attacks. (AC +1, EV +1)
((You are camouflaged when in or above water. (Stealth+)))
You have tentacles for arms and can constrict up to eight enemies at once.


Message History

You climb downwards.
There is a stone staircase leading up, spattered with blood here.
You climb upwards.
There is a stone staircase leading down here.
You hear Kikubaaqudgha cackling.
Your body is wracked with pain!
The dead are walking and hopping! 4 zombies come into view.
Unknown command.
You see here a +0 club.
The bullfrog zombie hits you.
You hit the bullfrog zombie. Your grab misses the bullfrog zombie.
The bullfrog zombie is lightly damaged.
You block the bullfrog zombie's attack. The bullfrog zombie hits you.
You barely miss the bullfrog zombie. You grab the bullfrog zombie.
The bullfrog zombie is lightly damaged.
You constrict the bullfrog zombie. The bullfrog zombie hits you.
You slash the bullfrog zombie!
The bullfrog zombie is moderately damaged.
You constrict the bullfrog zombie. The bullfrog zombie misses you.
The bullfrog zombie hits you but does no damage.
You slash the bullfrog zombie! You squeeze the bullfrog zombie!
You destroy the bullfrog zombie!
That felt strangely unrewarding.
You slash the rat zombie! You grab the rat zombie. You squeeze the rat zombie.
You destroy the rat zombie!
That felt strangely unrewarding.
You hit the two-headed ogre zombie.
The two-headed ogre zombie is lightly damaged.
The two-headed ogre zombie closely misses you.
The two-headed ogre zombie hits you but does no damage.
You hit the two-headed ogre zombie.
The two-headed ogre zombie is lightly damaged.
You block the two-headed ogre zombie's attack.
The two-headed ogre zombie hits you!
* * * LOW HITPOINT WARNING * * *
You hit the two-headed ogre zombie. You squeeze the two-headed ogre zombie!
The two-headed ogre zombie is moderately damaged.
The two-headed ogre zombie closely misses you.
The two-headed ogre zombie hits you!
You die...

#.#.# #...#.## ##.......##
....########.#...####.........###
....................'......[..'..
.....#######.#...####....<....#..
#.#..# #.#.......#.......##.#
###..# #.#.#####.##.....###.#
.....# #.#.# #.###...## #.#
.###.# #.#.#####.# ##+## #.#
.....# #.>ZZ@.##.# #.# #.# .#####
###.##.##.# #.#####.# .#
#.##.##.# ##........ .#
#.##.##.###...#####. ##
#.).....##.....# #.
####.######...## #.
##.#.######..# #. #.###........#
#. ##.#.######.## ##


You could see a kobold brigand zombie and a two-headed ogre zombie.

Vanquished Creatures
  A bullfrog zombie (D:2)
  A black bear zombie (D:2)
  Natasha (twice) (D:2)
  An orc wizard (D:2)
  A sky beast zombie (D:2)
  A gnoll (D:2)
  An adder (D:2)
  2 dart slugs
  4 orcs (D:2)
  4 bats
  4 endoplasms
  3 giant cockroaches
  5 hobgoblins
  A quokka (D:2)
  A ball python (D:1)
  3 frilled lizards
  A frilled lizard skeleton (D:2)
  5 kobolds
  2 orc zombies (D:2)
  8 rats
  2 rat zombies (D:2)
  A spectral goblin (D:1)
54 creatures vanquished.

Notes
Turn   | Place    | Note
-------+----------+-------------------------------------------
     0 | D:1      | Adrian566 the Octopode Fighter began the quest for the Orb.
     0 | D:1      | Reached XP level 1. HP: 16/16 MP: 1/1
   132 | D:1      | Found a faded altar of an unknown god.
   193 | D:1      | Prayed at the altar of an unknown god.
   193 | D:1      | Became a worshipper of Kikubaaqudgha
   193 | D:1      | Reached * piety under Kikubaaqudgha
   193 | D:1      | Received a gift from Kikubaaqudgha
   196 | D:1      | Fell from the grace of Kikubaaqudgha
   203 | D:1      | Reached XP level 2. HP: 9/21 MP: 2/2
  1086 | D:2      | Reached XP level 3. HP: 26/26 MP: 3/3
  1194 | D:2      | Reached XP level 4. HP: 12/31 MP: 4/4
  1652 | D:2      | Noticed Natasha
  1657 | D:2      | Killed Natasha
  1658 | D:2      | Reached skill level 1 in Stealth
  1832 | D:2      | Noticed Natasha
  1906 | D:3      | Found Soac's Antique Armour Boutique.
  1908 | D:3      | Identified the ring "Vemar" {rN+ MP+9 Int+3}
  2172 | D:3      | Learned a level 1 spell: Pain
  2422 | D:2      | Killed Natasha
  2423 | D:2      | Reached XP level 5. HP: 9/37 MP: 5/5
  2783 | D:3      | HP: 1/37 [gnoll (13)]
  3160 | D:2      | Slain by a two-headed ogre zombie

Illustrated notes

Levels and vault maps discovered:
D:1:      denvon_arrival_hothouse, layout_rooms,
          dreamdust_ecumenical_altar_drowned_temple, minmay_fountain_box
D:2:      layout_loops_corners, uniq_natasha
D:3:      layout_basic, serial_shops, nicolae_shop_advertising_works
          [nicolae_subvault_shop_adworks], uniq_terence

Skill      XL: |  1  2  3  4 |
---------------+-------------+-----
Long Blades    | 3 |  3.7
Stealth        | 1 |  1.4
Fighting       | |  3.9
Dodging        | |  3.5
Shields        | |  3.2
Necromancy     | |  0.1

Action                   |  1- 3 |  4- 6 || total
-------------------------+-------+-------++-------
Melee: Long sword        |    52 |    61 ||   113
       Tentacles         |    11 |    10 ||    21
       Constrict         |    13 |     9 ||    22
       Punch             |     1 |     3 ||     4
 Cast: Pain              |       |     4 ||     4
Invok: Renounce Religion |     1 |       ||     1
  Use: Potion            |     2 |       ||     2
       Scroll            |     1 |       ||     1
 Stab: Sleeping          |     2 |     4 ||     6
Armor: Skin              |     8 |     6 ||    14
Dodge: Dodged            |    33 |    30 ||    63
Block: Buckler           |    12 |    13 ||    25

Table legend: (Time is in decaauts)
 A = Elapsed time spent in this place.
 B = Non-inter-level travel time spent in this place.
 C = Inter-level travel time spent in this place.
 D = Time resting spent in this place.
 E = Time spent auto-exploring this place.
 F = Levels seen in this place.
 G = Mean time per level.
                   A        B        C        D        E       F      G
               +--------+--------+--------+--------+--------+-----+--------+
         Total |   3197 |   2986 |    211 |      0 |   2574 |   3 | 1065.7 |
       Dungeon |   3197 |   2986 |    211 |      0 |   2574 |   3 | 1065.7 |
               +--------+--------+--------+--------+--------+-----+--------+

Top non-repeatable levels by time:
     D:2: 2085 daAuts
     D:1: 760 daAuts
     D:3: 351 daAuts
